 Dungeon Crawl Stone Soup version 0.26-a0-612-gd4d190f45e (webtiles) character file.

Game seed: 7612418613339465984

4537 Artemis the Ducker (level 10, -3/98 HPs)
             Began as a Troll Berserker on Sept 8, 2020.
             Was a High Priest of Trog.
             Slain by a killer bee (4 damage)
             ... on level 9 of the Dungeon.
             The game lasted 00:38:46 (8273 turns).

Artemis the Ducker (Troll Berserker)                Turns: 8273, Time: 00:38:48

Health: -3/98      AC:  8    Str: 27    XL:     10   Next: 17%
Magic:  9/9        EV: 12    Int:  3    God:    Trog [*****.]
Gold:   569        SH:  0    Dex: 12    Spells: 9/9 levels left

rFire    + . .     SeeInvis .   O - +5 quarterstaff (flame)
rCold    x . .     Faith    .   (shield currently unavailable)
rNeg     . . .     Spirit   .   a - +0 animal skin
rPois    .         Reflect  .   (helmet restricted)
rElec    .         Harm     .   n - +1 cloak
rCorr    .                      (gloves unavailable)
MR       ++...                  (boots unavailable)
Stlth    ++........             (no amulet)
HPRegen  1.66/turn              M - ring of fire
MPRegen  0.11/turn              (no ring)

@: lethally poisoned (-3 -> -3), regenerating
A: large, unfitting armour, claws 3, regeneration 1, shaggy fur 1, tough skin 3
a: Berserk, Trog's Hand, Brothers in Arms, Renounce Religion


You were on level 9 of the Dungeon.
You worshipped Trog.
Trog was extremely pleased with you.
You visited 1 branch of the dungeon, and saw 9 of its levels.
You also visited: Ossuary.

You collected 608 gold pieces.
You spent 39 gold pieces at shops.

Inventory:

Hand Weapons
 f - a +3 dagger of speed
 l - a +4 quarterstaff of chaos
 p - a +1 dagger of draining
 t - a +0 hunting sling
 x - a cursed +5 dire flail
 y - a +5 falchion
 A - a +1 hand axe of flaming
 C - a +4 trident
 D - a +1 shortbow of freezing
 F - a +0 giant club
 I - a +3 spear of freezing
 O - a +5 quarterstaff of flaming (weapon)
Missiles
 c - 60 poisoned darts
 e - a large rock (quivered)
 u - 146 stones
Armour
 a - a +0 animal skin (worn)
 n - a +1 cloak (worn)
Jewellery
 M - a ring of fire (left claw)
Wands
 h - a wand of digging (6)
 q - a wand of disintegration (17)
 v - a wand of polymorph (13)
 B - a wand of iceblast (9)
 G - a wand of paralysis (7)
 H - a wand of flame (14)
Scrolls
 i - 5 scrolls of teleportation
 o - 3 scrolls of blinking
 s - a scroll of enchant armour
 w - a scroll of fog
 J - a scroll of magic mapping
 K - a scroll of identify
 L - a scroll of remove curse
 P - a scroll of fear
Potions
 b - 2 potions of curing
 d - 3 potions of berserk rage
 g - 2 potions of ambrosia
 j - 4 potions of might
 k - 3 potions of haste
 m - 3 potions of stabbing
 r - 3 potions of flight
 z - 3 potions of heal wounds
 E - 3 potions of lignification
 N - a potion of invisibility


   Skills:
 + Level 5.8 Fighting
 + Level 4.4(4.6) Short Blades
 * Level 1.7(3.3) Long Blades
 + Level 3.9(5.3) Polearms
 - Level 5.5(6.1) Staves
 + Level 0.3 Throwing
 + Level 6.2 Dodging
 + Level 2.2 Stealth
 + Level 4.3 Unarmed Combat


You had 9 spell levels left.
You didn't know any spells.
Your spell library was empty.

Dungeon Overview and Level Annotations

Branches:
Dungeon (9/15)             Temple (0/1) D:5         Ossuary (visited)
   Lair: D:8-11         Orc: D:9-12

Altars:
Elyvilon
Fedhas
Gozag
Kikubaaqudgha
Makhleb
Okawaru
Ru
Wu Jian
Yredelemnul
The Shining One

Shops:
D:8 ?

Annotations:
D:5 Grinder


Innate Abilities, Weirdness & Mutations

You are too large for most types of armour.
You have claws for hands.
Your natural rate of healing is unusually fast.
You are covered in fur. (AC +1)
You have extremely tough skin. (AC +3)


Message History

You feel sick. The killer bee stings you!
* * * LOW HITPOINT WARNING * * *
You are more poisoned.
The killer bee poisons you! The killer bee closely misses you.
The killer bee stings you but does no damage. x2
Your skin crawls.
You feel resistant to hostile enchantments.
You feel sick. The killer bee barely misses you. The killer bee stings you.
* * * LOW HITPOINT WARNING * * *
The killer bee stings you.
* * * LOW HITPOINT WARNING * * *
The killer bee stings you!
* * * LOW HITPOINT WARNING * * *
You closely miss the killer bee.
The killer bee is lightly wounded.
* * * LOW HITPOINT WARNING * * *
You feel sick.
The killer bee stings you but does no damage.
The killer bee misses you. The killer bee stings you.
You die...

#.....#..........# ..
#.....#..........# ..
#.....#..........#
....
#.....#..........# ...
.
#.....######'#####....
.................>....
#####...............##
....!...(.....#
.......@y.....#
####..).y.....#
#..........#
############


You could see 2 killer bees.

Vanquished Creatures
  2 hippogriffs (D:8)
  A wyvern (D:8)
  Menkaure (D:5)
  2 black bears
  A sky beast (D:6)
  3 phantoms (D:4)
  4 ogres
  4 centaurs
  Blork the orc (D:4)
  A big kobold (D:7)
  4 bullfrogs
  An elf skeleton (D:8)
  4 water moccasin zombies (Ossuary)
  2 killer bees
  8 wights
  2 electric eels (D:8)
  A centaur zombie (D:6)
  A quasit (D:5)
  2 bullfrog skeletons
  3 centaur skeletons
  5 orc priests
  Crazy Yiuf (D:2)
  3 hounds
  6 orc wizards
  Jessica (D:2)
  2 human skeletons (D:8)
  6 worker ants
  3 iguanas
  4 big kobold zombies (Ossuary)
  2 mummies (Ossuary)
  A worker ant zombie (D:7)
  Robin (D:4)
  6 gnolls
  2 howler monkey skeletons
  15 adders
  2 shadow imps (D:7)
  A white imp (D:3)
  3 ufetubi
  2 oozes
  An adder zombie (Ossuary)
  2 adder skeletons
  4 worms
  2 dart slugs (D:1)
  7 leopard geckos
  26 orcs
  5 giant cockroaches
  18 goblins
  4 hobgoblins
  6 jackals
  2 quokkas
  A ball python (D:2)
  8 bats
  5 frilled lizards
  3 gnoll zombies (Ossuary)
  4 hobgoblin zombies (Ossuary)
  9 kobolds
  3 kobold zombies (Ossuary)
  An orc skeleton (D:8)
  5 orc zombies
  A quokka skeleton (D:5)
  4 rats
235 creatures vanquished.

Vanquished Creatures (collateral kills)
  An orc warrior (D:6)
  An ufetubus (D:7)
  An orc (D:7)
3 creatures vanquished.

Vanquished Creatures (others)
  A plant (D:1)
1 creature vanquished.

Grand Total: 239 creatures vanquished

Notes
Turn   | Place    | Note
-------+----------+-------------------------------------------
     0 | D:1      | Artemis the Troll Berserker began the quest for the Orb.
     0 | D:1      | Reached XP level 1. HP: 22/22 MP: 0/0
   288 | D:1      | Reached XP level 2. HP: 29/29 MP: 1/1
  1048 | D:2      | Reached XP level 3. HP: 36/36 MP: 2/2
  1185 | D:2      | Reached ** piety under Trog
  1203 | D:2      | Noticed Jessica
  1209 | D:2      | Killed Jessica
  1209 | D:2      | Reached skill level 3 in Dodging
  1209 | D:2      | Reached XP level 4. HP: 44/44 MP: 3/3
  1249 | D:2      | Found a runed translucent door.
  1250 | D:2      | Noticed Crazy Yiuf
  1262 | D:2      | HP: 2/44 [Crazy Yiuf/+4 quarterstaff of chaos (13)]
  1265 | D:2      | Killed Crazy Yiuf
  1419 | D:2      | Reached XP level 5. HP: 41/52 MP: 4/4
  1517 | D:2      | You fall into a shaft and drop 1 floor!
  1782 | D:3      | Reached skill level 1 in Staves
  2433 | D:4      | Reached XP level 6. HP: 38/61 MP: 5/5
  2498 | D:4      | Reached *** piety under Trog
  2661 | D:4      | Reached skill level 1 in Stealth
  2670 | D:4      | Found a basalt altar of Yredelemnul.
  2749 | D:4      | Found a sacrificial altar of Ru.
  2821 | D:4      | Reached XP level 7. HP: 32/67 MP: 6/6
  2932 | D:4      | Found a burning altar of Makhleb.
  2974 | D:4      | Found an opulent altar of Gozag.
  3074 | D:4      | Noticed Robin
  3100 | D:4      | Killed Robin
  3291 | D:4      | Noticed Blork the orc
  3307 | D:4      | Killed Blork the orc
  3462 | D:4      | Reached skill level 4 in Dodging
  3599 | D:5      | Entered Level 5 of the Dungeon
  3754 | D:5      | Found a staircase to the Ecumenical Temple.
  3936 | D:5      | Reached **** piety under Trog
  3936 | D:5      | Reached XP level 8. HP: 76/78 MP: 7/7
  3974 | D:5      | Noticed Menkaure
  3981 | D:5      | Killed Menkaure
  3981 | D:5      | Reached skill level 1 in Short Blades
  3981 | D:5      | Reached skill level 5 in Staves
  4134 | D:5      | Found an ornate altar of the Wu Jian Council.
  4340 | D:5      | Noticed Grinder
  5197 | D:6      | Reached skill level 5 in Dodging
  5266 | D:6      | Reached XP level 9. HP: 82/85 MP: 8/8
  5901 | D:7      | Reached skill level 5 in Fighting
  6236 | D:7      | Found an iron altar of Okawaru.
  6336 | D:7      | Found a white marble altar of Elyvilon.
  6711 | D:8      | Found a sand-covered staircase.
  6753 | D:8      | Reached skill level 1 in Polearms
  6784 | Ossuary  | Entered an ossuary
  6966 | Ossuary  | Reached ***** piety under Trog
  7089 | D:8      | Found Vedogemp's Magic Scroll Emporium.
  7249 | D:8      | Found a glowing golden altar of the Shining One.
  7315 | D:8      | Bought a scroll of remove curse for 39 gold pieces
  7447 | D:8      | Reached skill level 6 in Dodging
  7704 | D:8      | Reached XP level 10. HP: 59/98 MP: 9/9
  7823 | D:8      | Found a sacrificial altar of Ru.
  7866 | D:8      | Found a blossoming altar of Fedhas.
  7868 | D:8      | Found an ancient bone altar of Kikubaaqudgha.
  7874 | D:8      | Reached skill level 1 in Long Blades
  8172 | D:9      | Received a gift from Trog
  8272 | D:9      | HP: 2/98 [killer bee (7)]
  8273 | D:9      | Slain by a killer bee

Illustrated notes

Levels and vault maps discovered:
D:1:      denvon_arrival_planthouse, layout_basic
D:2:      layout_rooms, uniq_crazy_yiuf_cottage, uniq_jessica
D:3:      layout_basic
D:4:      layout_loops_ring, yredelemnul_altar_generic,
          nicolae_gozag_seed_capital, nicolae_overflow_crystal_walls,
          kennysheep_mini_moat, minmay_mini_jars, uniq_robin, uniq_blork_the_orc
D:5:      layout_basic, overflow_temple_1_default, minmay_temple_entry_junction,
          uniq_menkaure, uniq_grinder
D:6:      minmay_chambers_of_fours, layout_loops_cross
D:7:      layout_basic, kennysheep_okawaru_gauntlet, elyvilon_altar_3,
          minivault_24
D:8:      wad_river_or_something, layout_basic,
          grunt_temple_overflow_growth_and_decay, kennysheep_little_box,
          nicolae_ossuary_entry_catacombs, serial_shops, shop_fountains,
          serial_curves, eino_curves_04, eino_curves_02, eino_curves_01,
          eino_curves_02, minivault_4, nicolae_ru_great_annihilating_truth
D:9:      layout_irregular_city

Skill      XL: |  1  2  3  4  5  6  7  8  9 10 |
---------------+-------------------------------+-----
Dodging        | 3 4 5 6 |  6.2
Unarmed Combat | 4 |  4.3
Fighting       | 3 4 5 |  5.8
Staves         | 2 3 4 5 |  5.5
Stealth        | 1 2 |  2.2
Short Blades   | 3 4 |  4.4
Polearms       | 3 |  3.9
Long Blades    | 1 |  1.7
Throwing       | |  0.3

Action                   |  1- 3 |  4- 6 |  7- 9 | 10-12 || total
-------------------------+-------+-------+-------+-------++-------
Melee: Unarmed           |    56 |       |       |       ||    56
       Punch             |     1 |       |    12 |       ||    13
       Dagger            |    14 |     9 |   441 |       ||   464
       Quarterstaff      |       |   132 |    59 |    17 ||   208
       Trident           |       |       |   218 |       ||   218
       Falchion          |       |       |    23 |    50 ||    73
Throw: Large rock        |       |       |     3 |       ||     3
Invok: Berserk           |       |       |     7 |       ||     7
       Trog's Hand       |       |       |     3 |     1 ||     4
       Brothers in Arms  |       |       |     2 |       ||     2
  Use: Scroll            |     9 |     3 |    11 |     1 ||    24
       Potion            |       |     1 |     1 |     2 ||     4
 Stab: Sleeping          |     1 |     3 |     9 |       ||    13
       Paralysed         |       |       |       |     2 ||     2
Armor: Animal skin       |    19 |    52 |   275 |    57 ||   403
Dodge: Dodged            |    29 |    99 |   433 |    66 ||   627
       Rpst.: Falchion   |       |       |     3 |     9 ||    12

Table legend: (Time is in decaauts)
 A = Elapsed time spent in this place.
 B = Non-inter-level travel time spent in this place.
 C = Inter-level travel time spent in this place.
 D = Time resting spent in this place.
 E = Time spent auto-exploring this place.
 F = Levels seen in this place.
 G = Mean time per level.
                   A        B        C        D        E       F      G
               +--------+--------+--------+--------+--------+-----+--------+
         Total |   8240 |   6802 |   1438 |   1007 |   2280 |  10 |  824.0 |
       Dungeon |   7953 |   6515 |   1438 |    947 |   2280 |   9 |  883.7 |
       Ossuary |    286 |    286 |      0 |     60 |      0 |   1 |  286.0 |
               +--------+--------+--------+--------+--------+-----+--------+

Top non-repeatable levels by time:
     D:8: 1397 daAuts
     D:4: 1259 daAuts
     D:6: 1226 daAuts
     D:1: 938 daAuts
     D:7: 781 daAuts
     D:5: 751 daAuts
     D:3: 725 daAuts
     D:2: 711 daAuts
 Ossuary: 286 daAuts
     D:9: 161 daAuts
